 Dungeon Crawl Stone Soup version 0.20.1-1-g8b1a95d (webtiles) character file.

43738 ANON1729 the Arsonist (level 13, 0/86 HPs)
             Began as a Black Draconian Conjurer on Aug 5, 2017.
             Was a High Priest of Vehumet.
             Slain by a death yak (27 damage)
             ... on level 6 of the Lair of Beasts on Aug 6, 2017.
             The game lasted 02:20:40 (31650 turns).

ANON1729 the Arsonist (Black Draconian Conjurer)   Turns: 31650, Time: 02:20:40

Health: 0/86       AC: 17    Str: 18    XL:     13   Next: 92%
Magic:  2/28       EV: 15    Int: 18    God:    Vehumet [*****.]
Gold:   1172       SH:  0    Dex: 12    Spells: 11/35 levels left

rFire    . . .     SeeInvis .   p - +3 quarterstaff (chaos)
rCold    + . .     Gourm    .   (shield currently unavailable)
rNeg     . . .     Faith    .   (armour unavailable)
rPois    .         Spirit   .   G - +0 hat
rElec    +         Reflect  .   q - +2 cloak
rCorr    .         Harm     .   e - +2 pair of gloves
MR       .....                  T - +2 pair of boots {Stlth+}
Stlth    ++........             X - amulet of rage
Regen    0.3/turn               c - +5 ring of strength
MPRegen  0.3/turn               i - ring of protection from cold

@: confused, hasted, very quick
A: breathe lightning, unfitting armour, horns 1, dopey 1, mutation resistance 1,
electricity resistance, strong 1, cold-blooded, subdued magic 1, AC +8
a: Breathe Lightning, Renounce Religion, Evoke Berserk Rage


You were on level 6 of the Lair of Beasts.
You worshipped Vehumet.
Vehumet was extremely pleased with you.
You were not hungry.

You visited 3 branches of the dungeon, and saw 18 of its levels.
You also visited: Ossuary and Volcano.

You collected 1374 gold pieces.
You spent 202 gold pieces at shops.

Inventory:

Hand Weapons
 p - a +3 quarterstaff of chaos (weapon)
Armour
 e - a +2 pair of gloves (worn)
 q - a +2 cloak (worn)
 G - a +0 hat (worn)
 T - a +2 pair of boots of stealth (worn)
Magical Staves
 E - an uncursed staff of wizardry
Jewellery
 c - a +5 ring of strength (left hand)
 i - a ring of protection from cold (right hand)
 k - an uncursed ring of flight
 s - an uncursed amulet of guardian spirit {unknown}
 X - an amulet of rage (around neck)
Wands
 o - a wand of disintegration (0/24)
 H - a wand of lightning (0/15)
 O - a wand of clouds (2/9)
 S - a wand of scattershot (1/9)
 U - a wand of iceblast (0/15)
 V - a wand of flame (11/48)
 W - a wand of enslavement (0/24)
 Z - a wand of polymorph (6/24)
Scrolls
 d - 2 scrolls of enchant weapon {unknown}
 f - 2 scrolls of magic mapping
 h - a scroll of fog {unknown}
 m - 8 scrolls of teleportation
 n - 8 scrolls of remove curse
 r - 3 scrolls of blinking
 t - 6 scrolls of recharging
 F - 2 scrolls of amnesia {unknown}
 P - a scroll of vulnerability {unknown}
Potions
 g - 4 potions of brilliance
 j - 5 potions of curing
 u - 4 potions of lignification {unknown}
 v - 5 potions of haste
 w - 2 potions of resistance {unknown}
 x - a potion of might {unknown}
 z - 2 potions of mutation {unknown}
 A - a potion of cancellation {unknown}
 B - 2 potions of flight {unknown}
 C - 2 potions of ambrosia {unknown}
 D - 2 potions of berserk rage {unknown}
 I - a potion of invisibility {unknown}
 L - 3 potions of agility {unknown}
 R - a potion of heal wounds
Books
 a - a book of Conjurations

   Spells                             Type                      Level
   a - Magic Dart                     Conjuration                  1
   b - Searing Ray                    Conjuration                  2
   c - Dazzling Spray                 Conjuration/Hexes            3
   d - Fulminant Prism                Conjuration/Hexes            4
   e - Force Lance                    Conjuration/Translocation    4
   f - Iskenderun's Mystic Blast      Conjuration                  4
 l - a book of Geomancy

   Spells                             Type                      Level
   a - Sandblast                      Earth                        1
   b - Passwall                       Transmutation/Earth          2
   c - Stone Arrow                    Conjuration/Earth            3
   d - Petrify                        Transmutation/Earth          4
   e - Lee's Rapid Deconstruction     Earth                        5
 y - a book of Frost

   Spells                             Type                      Level
   a - Freeze                         Ice                          1
   b - Throw Frost                    Conjuration/Ice              2
   c - Ozocubu's Armour               Charms/Ice                   3
   d - Throw Icicle                   Conjuration/Ice              4
   e - Summon Ice Beast               Ice/Summoning                4
 K - a book of Cantrips

   Spells                             Type                      Level
   a - Confusing Touch                Hexes                        1
   b - Animate Skeleton               Necromancy                   1
   c - Summon Small Mammal            Summoning                    1
   d - Apportation                    Translocation                1
 Q - a book of the Sky

   Spells                             Type                      Level
   a - Summon Lightning Spire         Summoning/Air                4
   b - Silence                        Hexes/Air                    5
   c - Deflect Missiles               Charms/Air                   6
   d - Conjure Ball Lightning         Conjuration/Air              6
   e - Tornado                        Air                          9
Miscellaneous
 Y - a box of beasts
Comestibles
 b - 5 bread rations
 J - 15 fruits
 M - 5 royal jellies
 N - a meat ration


   Skills:
 - Level 6.2 Dodging
 - Level 2.0 Stealth
 - Level 0.4 Unarmed Combat
 + Level 11.9 Spellcasting
 + Level 13.5 Conjurations
 * Level 14.2 Fire Magic


You had 11 spell levels left.
You knew the following spells:

 Your Spells              Type           Power        Failure   Level  Hunger
a - Magic Dart            Conj           ####         0%          1    None
b - Searing Ray           Conj           #####.       0%          2    None
c - Fulminant Prism       Conj/Hex       ####......   1%          4    ##.....
d - Flame Tongue          Conj/Fire      #####        0%          1    None
e - Mephitic Cloud        Conj/Pois/Air  ###.....     1%          3    None
f - Airstrike             Air            #.........   16%         4    ##.....
g - Bolt of Magma         Conj/Fire/Erth ####......   1%          5    ####...
h - Summon Ice Beast      Ice/Summ       #.......     50%         4    ##.....


Dungeon Overview and Level Annotations

Branches:
Dungeon (11/15)            Temple (1/1) D:5            Lair (6/6) D:9
 Shoals (0/4) Lair:2       Spider (0/4) Lair:4        Slime (0/5) Lair:6
    Orc: D:9-12

Altars:
Ashenzari
Cheibriados
Dithmenos
Elyvilon
Fedhas
Gozag
Hepliaklqana
Kikubaaqudgha
Makhleb
Nemelex Xobeh
Okawaru
Qazlal
Ru
Sif Muna
Trog
Uskayaw
Vehumet
Xom
Yredelemnul
Zin
The Shining One
Jiyva

Shops:
D:8 %   D:9 [

Annotations:
D:10 smzp's ghost, novice MiFi
Lair:2 FollowTheCloud's ghost, journeyman GrFi
Lair:6 1 runed door


Innate Abilities, Weirdness & Mutations

You can breathe wild blasts of lightning.
Your glossy black scales are hard. (AC +8)
You cannot fit into any form of body armour.
You are resistant to electric shocks. (rElec)
You are cold-blooded and may be slowed by cold attacks.
You have a pair of small horns on your head.
You are dopey. (Int -2)
You are somewhat resistant to further mutation.
Your muscles are strong. (Str +2)
Your spells are a little easier to cast, but a little less powerful.


Message History

Confirm with . or Enter, or press ? or * to list all spells.
Okay, then.
Casting: Bolt of Magma
Confirm with . or Enter, or press ? or * to list all spells.
Aiming: Mephitic Cloud
Press: ? - help, Shift-Dir - straight line, f - death yak
Aim: a death yak That beam is likely to hit you.
Continue anyway?
The ball explodes into a vile cloud!
The stinking cloud engulfs the death yak.
The stinking cloud engulfs you!
You are engulfed in noxious fumes.
The death yak is engulfed in noxious fumes.
The death yak appears confused.
The death yak gores something.
Unknown command.
It was a potion of haste.
You feel yourself speed up.
You are engulfed in noxious fumes.
You choke on the stench!
You are confused.
The death yak is engulfed in noxious fumes.
The death yak gores you!!
You die...

##### ### ###
#.#.#######.#######.#####
########....#.....#......P.#.##.
##......<........§§..............
#.....P.####...##Y##.............
##...#### #P###@#§#.............
#...### ### ####†.............
P.....# #.............. .....##
#.............. ....##
##............. ....##
##..##.##..#.. .....#
#.....#...#... P#..##
##..####.###.. ##..# ##### #....#
####...


You could see a death yak (confused).

Vanquished Creatures
  The ghost of Peloso the Blocker, a journeyman DDFi of Okawaru (Lair:3)
  Fannar (Lair:1)
  3 hydras
  A catoblepas (Lair:6)
  A two-headed ogre (D:11)
  8 death yaks
  A salamander mystic (Volcano)
  Pikel (D:5)
  The ghost of vlindergert the Chopper, a novice HOFi of Makhleb (D:7)
  A wizard (D:11)
  2 ugly things
  3 salamanders (Volcano)
  5 black mambas
  3 elephants (Lair:5)
  4 rime drakes
  7 spiny frogs
  4 komodo dragons
  A polar bear (Lair:4)
  A queen bee (D:8)
  A hornet (D:8)
  A meliai zombie (D:10)
  7 blink frogs
  7 hippogriffs
  Eustachio (D:4)
  A shadow (D:9)
  2 wyverns
  A redback (Lair:4)
  53 yaks
  Sigmund (D:3)
  3 fire bats (Lair:4)
  Menkaure (D:7)
  7 porcupines
  15 water moccasins
  5 ice beasts
  5 orc warriors
  3 sky beasts
  A slave (D:5)
  5 black bears
  3 phantoms
  7 ogres
  2 necrophages
  7 centaurs
  9 crocodiles
  16 bullfrogs
  A big kobold (D:4)
  A gnoll sergeant (D:8)
  A wyvern skeleton (D:6)
  6 scorpions
  28 killer bees
  5 wights (D:11)
  An electric eel (Lair:2)
  A howler monkey (D:6)
  2 centaur zombies
  4 crimson imps
  3 bullfrog zombies
  5 orc priests
  2 centaur skeletons
  3 hounds
  A jelly (D:8)
  Crazy Yiuf (D:2)
  A bullfrog skeleton (D:7)
  Jessica (D:3)
  An iguana (D:3)
  12 orc wizards
  5 worker ants
  A big kobold zombie (Ossuary)
  5 hound skeletons
  9 mummies
  A worker ant zombie (D:6)
  10 gnolls
  13 adders
  A howler monkey skeleton (D:8)
  2 shadow imps
  3 adder skeletons
  2 worms (D:5)
  6 dart slugs
  10 leopard geckos
  46 orcs
  9 giant cockroaches
  4 gnoll zombies (Ossuary)
  9 hobgoblins
  10 jackals
  2 quokkas
  A ball python (D:1)
  8 bats
  2 frilled lizards (D:3)
  10 goblins
  3 hobgoblin zombies
  A jackal skeleton (D:5)
  4 kobolds
  A kobold zombie (Ossuary)
  A leopard gecko skeleton (D:9)
  An orc zombie (Ossuary)
  2 quokka skeletons
  6 rats
  2 butterflies
  A fulminant prism (Volcano)
  2 fungi
  7 plants
493 creatures vanquished.

Vanquished Creatures (collateral kills)
  A hound (D:11)
  A worker ant (D:11)
2 creatures vanquished.

Vanquished Creatures (others)
  A yak (Lair:6)
  A slave (D:5)
  A human (D:5)
  A hound (D:5)
  A jelly (D:5)
  A worker ant (D:5)
  4 orcs
  A jackal skeleton (D:8)
  45 fulminant prisms
  27 fungi
  22 plants
  4 toadstools (D:1)
109 creatures vanquished.

Grand Total: 604 creatures vanquished

Notes
Turn   | Place    | Note
-------+----------+-------------------------------------------
     0 | D:1      | ANON1729 the Draconian Conjurer began the quest for the Orb.
     0 | D:1      | Reached XP level 1. HP: 14/14 MP: 3/3
   199 | D:1      | Reached XP level 2. HP: 18/20 MP: 3/5
   438 | D:1      | Learned a level 2 spell: Searing Ray
  1316 | D:2      | Reached XP level 3. HP: 26/26 MP: 6/6
  1855 | D:2      | Found a runed door.
  1859 | D:2      | Noticed Crazy Yiuf
  1863 | D:2      | Killed Crazy Yiuf
  1863 | D:2      | Reached XP level 4. HP: 33/33 MP: 2/8
  2173 | D:3      | Noticed Sigmund
  2181 | D:3      | Killed Sigmund
  2181 | D:3      | Reached skill level 5 in Conjurations
  2181 | D:3      | Reached XP level 5. HP: 15/38 MP: 3/10
  2382 | D:3      | Noticed Jessica
  2391 | D:3      | Killed Jessica
  2396 | D:3      | Reached XP level 6. HP: 40/45 MP: 11/11
  3810 | D:4      | Your scales start taking on a glossy black colour.
  3810 | D:4      | Reached XP level 7. HP: 16/50 MP: 13/13
  3810 | D:4      | Gained mutation: You are resistant to electric shocks. (rElec) [Black Draconian growth]
  4139 | D:4      | Found a shimmering altar of Xom.
  4189 | D:4      | Noticed Eustachio
  4197 | D:4      | Killed Eustachio
  4791 | D:5      | Entered Level 5 of the Dungeon
  4826 | D:5      | Reached skill level 5 in Spellcasting
  4839 | D:5      | Reached XP level 8. HP: 9/57 MP: 10/15
  5114 | D:5      | Reached skill level 5 in Dodging
  5499 | D:5      | Found an ancient bone altar of Kikubaaqudgha.
  5727 | D:5      | Found a radiant altar of Vehumet.
  5736 | D:5      | Became a worshipper of Vehumet
  5758 | D:5      | Noticed Pikel
  5819 | D:5      | Killed Pikel
  6136 | D:5      | Found a staircase to the Ecumenical Temple.
  6388 | D:6      | Reached XP level 9. HP: 62/62 MP: 18/18
  6672 | D:6      | Found a sand-covered staircase.
  6705 | Ossuary  | Entered an ossuary
  6961 | Ossuary  | Reached * piety under Vehumet
  6961 | Ossuary  | Offered knowledge of Sting by Vehumet.
  7450 | D:6      | Found a basalt altar of Yredelemnul.
  7452 | D:6      | Noticed a death knight
  7454 | D:6      | Found a transporter.
  7467 | D:6      | Found a transporter.
  7535 | D:6      | Found a white marble altar of Elyvilon.
  7730 | D:6      | Found a bloodstained altar of Trog.
  8199 | D:6      | Learned a level 4 spell: Fulminant Prism
  8990 | D:7      | Offered knowledge of Flame Tongue by Vehumet.
  8999 | D:7      | Reached ** piety under Vehumet
  9006 | D:7      | Learned a level 1 spell: Flame Tongue
  9196 | D:7      | Noticed vlindergert's ghost (novice HOFi)
  9224 | D:7      | Noticed Menkaure
  9372 | D:7      | Killed Menkaure
  9372 | D:7      | Reached skill level 1 in Fire Magic
  9634 | D:6      | Reached skill level 2 in Fire Magic
  9917 | D:7      | Found a blossoming altar of Fedhas.
 10455 | Temple   | Entered the Ecumenical Temple
 10660 | D:6      | Reached skill level 3 in Fire Magic
 10975 | D:7      | Reached XP level 10. HP: 43/67 MP: 15/22
 11733 | D:7      | Killed vlindergert's ghost
 11733 | D:7      | Reached skill level 4 in Fire Magic
 12128 | D:7      | Found a sacrificial altar of Ru.
 12320 | D:8      | Found Buruc's Food Shop.
 12329 | D:8      | Reached skill level 10 in Conjurations
 12623 | D:8      | Found an opulent altar of Gozag.
 12764 | D:8      | Found a blossoming altar of Fedhas.
 12797 | D:8      | Reached skill level 5 in Fire Magic
 12800 | D:8      | Gained mutation: Your spells are a little easier to cast, but a little less powerful. [mutagenic meat]
 12801 | D:8      | Gained mutation: You are somewhat resistant to further mutation. [mutagenic meat]
 12804 | D:8      | Gained mutation: Your muscles are strong. (Str +2) [mutagenic meat]
 12830 | D:8      | Found a stormy altar of Qazlal.
 13034 | D:8      | Found a sparkling altar of Nemelex Xobeh.
 13188 | D:8      | Offered knowledge of Mephitic Cloud by Vehumet.
 13196 | D:8      | Learned a level 3 spell: Mephitic Cloud
 13448 | D:8      | Reached skill level 6 in Fire Magic
 13659 | D:8      | Found a deep blue altar of Sif Muna.
 13884 | D:9      | Found Rafat's Antique Armour Shop.
 13967 | D:9      | Bought a pair of embroidered boots for 202 gold pieces
 14294 | D:8      | Reached *** piety under Vehumet
 14440 | D:8      | Reached skill level 7 in Fire Magic
 14857 | D:9      | Found a burning altar of Makhleb.
 14906 | D:9      | Reached XP level 11. HP: 74/74 MP: 21/24
 14923 | D:9      | Offered knowledge of Airstrike by Vehumet.
 15379 | D:9      | Found a staircase to the Lair.
 15495 | D:10     | Entered Level 10 of the Dungeon
 15495 | D:10     | Noticed smzp's ghost (novice MiFi)
 15785 | D:9      | Noticed a cyan ugly thing
 15808 | D:9      | Killed a cyan ugly thing
 16079 | D:9      | Reached skill level 8 in Fire Magic
 16292 | D:9      | Learned a level 4 spell: Airstrike
 16579 | D:10     | Reached **** piety under Vehumet
 16680 | D:10     | Gained mutation: You are dopey. (Int -2) [mutagenic meat]
 16682 | D:10     | Gained mutation: You have a pair of small horns on your head. [mutagenic meat]
 16993 | D:10     | Noticed a two-headed ogre
 17074 | D:11     | Offered knowledge of Bolt of Magma by Vehumet.
 17090 | D:11     | Learned a level 5 spell: Bolt of Magma
 17267 | D:11     | Reached skill level 9 in Fire Magic
 17653 | D:11     | Noticed a green ugly thing
 17657 | D:11     | Killed a green ugly thing
 17703 | D:11     | Noticed a wizard
 17719 | D:11     | Killed a wizard
 17719 | D:11     | Reached skill level 10 in Spellcasting
 18083 | D:11     | Noticed a two-headed ogre
 18101 | D:11     | Killed a two-headed ogre
 18101 | D:11     | Reached skill level 10 in Fire Magic
 18490 | Lair:1   | Entered Level 1 of the Lair of Beasts
 18504 | D:9      | Reached XP level 12. HP: 57/81 MP: 0/26
 19679 | Lair:1   | Noticed Fannar
 19691 | Lair:1   | Killed Fannar
 20487 | Lair:2   | Noticed FollowTheCloud's ghost (journeyman GrFi)
 20871 | Lair:2   | Reached skill level 11 in Fire Magic
 21626 | Lair:2   | Found a staircase to the Shoals.
 22525 | Lair:3   | Noticed an eight-headed hydra
 22532 | Lair:3   | Killed an eight-headed hydra
 23069 | Lair:3   | Reached ***** piety under Vehumet
 23069 | Lair:3   | Offered knowledge of Freezing Cloud by Vehumet.
 23168 | Lair:3   | Noticed Peloso's ghost (journeyman DDFi)
 23551 | Lair:3   | Killed Peloso's ghost
 23897 | Lair:3   | Reached skill level 12 in Fire Magic
 24938 | Lair:4   | Found a dark tunnel.
 25210 | Volcano  | Entered a volcano
 25277 | Volcano  | Noticed a red draconian
 25436 | Volcano  | Learned a level 4 spell: Summon Ice Beast
 25471 | Volcano  | Reached XP level 13. HP: 35/86 MP: 2/28
 25489 | Volcano  | HP: 2/86 [salamander/halberd of flaming (8)]
 25957 | Lair:4   | Found a hole to the Spider Nest.
 27305 | Lair:4   | Reached skill level 13 in Fire Magic
 27729 | Lair:6   | Entered Level 6 of the Lair of Beasts
 29236 | Lair:6   | Found a runed door.
 29236 | Lair:6   | Found a viscous altar of Jiyva.
 29236 | Lair:6   | Found a staircase to the Slime Pits.
 30861 | Lair:4   | Reached skill level 14 in Fire Magic
 31650 | Lair:6   | Slain by a death yak

Skill      XL: |  1  2  3  4  5  6  7  8  9 10 11 12 13 |
---------------+----------------------------------------+-----
Stealth        | 2 |  2.0
Dodging        | 2 3 4 6 |  6.2
Spellcasting   | 3 4 5 6 8 9 10 11 | 11.9
Conjurations   | 5 6 8 9 10 11 12 13 | 13.5
Fire Magic     | 3 7 10 12 14 | 14.2
Unarmed Combat | |  0.4

Action                   |  1- 3 |  4- 6 |  7- 9 | 10-12 | 13-15 || total
-------------------------+-------+-------+-------+-------+-------++-------
Melee: Unarmed           |   160 |       |       |       |       ||   160
       Tailslap          |    14 |     7 |    15 |    34 |    21 ||    91
       Quarterstaff      |       |   144 |   197 |   265 |   132 ||   738
       Headbutt          |       |       |       |    30 |    30 ||    60
       Staff             |       |       |       |     7 |       ||     7
 Cast: Magic Dart        |    13 |     6 |    49 |    27 |     4 ||    99
       Searing Ray       |     2 |     4 |    33 |    66 |     3 ||   108
       Fulminant Prism   |       |       |       |    41 |     5 ||    46
       Flame Tongue      |       |       |       |    23 |       ||    23
       Mephitic Cloud    |       |       |       |    21 |    10 ||    31
       Bolt of Magma     |       |       |       |   155 |   149 ||   304
       Airstrike         |       |       |       |    17 |       ||    17
       Summon Ice Beast  |       |       |       |     2 |       ||     2
 Abil: Breathe Lightning |       |       |    30 |    27 |     5 ||    62
       Evoke Berserk Rag |       |       |       |     1 |       ||     1
Evoke: Wand              |       |     2 |     4 |    10 |    13 ||    29
  Use: Scroll            |       |       |    11 |    10 |     1 ||    22
       Potion            |       |       |     1 |     2 |     4 ||     7
 Stab: Sleeping          |     2 |     2 |     1 |     2 |       ||     7
       Petrifying        |       |     1 |       |     1 |       ||     2
       Paralysed         |       |     1 |       |       |     2 ||     3
       Distracted        |       |       |     1 |     1 |       ||     2
       Confused          |       |       |       |     1 |     1 ||     2
       Petrified         |       |       |       |     1 |       ||     1
  Eat: Chunk             |     3 |     7 |    18 |    61 |    28 ||   117
       Meat ration       |       |       |     1 |     2 |     2 ||     5
       Royal jelly       |       |       |     1 |     3 |     2 ||     6
       Bread ration      |       |       |     1 |       |     1 ||     2
       Fruit             |       |       |       |    23 |     7 ||    30
Armor: Skin              |    45 |    71 |   119 |   260 |   115 ||   610
Dodge: Dodged            |   106 |   141 |   270 |   504 |   183 ||  1204
